Map: Terraform LE (Void)

Players

wabbajack - Winner!

  • Race: Zerg Zerg
  • League: Bronze

DeadDevil

  • Race: Terran Terran
  • League: Silver

VOD

Have the link to the VOD?

Description

Time

  • Played on: July 16, 2015, 2:46 p.m.
  • Length: 12:34
Show
View Real Time Build Order
Export as new Build Order

wabbajack Zerg - Winner!

Build Orders: Hatch First, Lurkers 

Get SALT Encoding   

  12  0:01  Drone  
  13  0:13  Overlord  
  13  0:18  Drone  
  14  0:23  Drone, Extractor  
  15  0:33  Drone  
  16  0:50  Hatchery  
  16  0:52  Extractor  
  16  0:55  Drone  
  15  0:58  Drone  
  15  1:03  Drone  
  17  1:19  Spawning Pool  
  16  1:25  Drone  
  16  1:26  Drone  
  18  1:33  Drone  
  19  1:45  Overlord  
  19  2:06  Metabolic Boost, Queen  
  19  2:07  Queen  
  23  2:10  Drone  
  23  2:12  Drone  
  23  2:15  Drone  
  26  2:28  Baneling Nest  
  25  2:33  Drone  
  25  2:34  Drone  
  25  2:36  Drone x2  
  29  2:48  Zergling x8  
  33  2:57  Pneumatized Carapace  
  33  3:04  Overlord  
  33  3:06  Overlord  
  33  3:15  Drone, Extractor  
  33  3:16  Drone  
  33  3:18  Drone x2  
  36  3:26  Drone  
  37  3:36  Zergling x4  
  37  3:39  Baneling x2  
  37  3:40  Baneling x2  
  33  4:55  Lair, Roach Warren  
  33  4:57  Drone  
  33  4:58  Drone  
  33  4:59  Drone x7  
  41  5:02  Drone x2  
  41  5:03  Overlord x3  
  41  5:04  Overlord  
  43  5:07  Extractor  
  43  5:10  Queen  
  44  5:18  Drone x2  
  44  5:19  Evolution Chamber  
  44  5:20  Evolution Chamber, Hatchery  
  43  5:29  Drone x4  
  47  5:35  Zergling x2  
  47  5:36  Zergling x14  
  55  5:58  Baneling x2  
  55  5:59  Baneling x6  
  55  6:00  Baneling  
  55  6:02  Roach  
  55  6:03  Roach x9  
  67  6:45  Spore Crawler x2  
  65  6:49  Zerg Ground Armor Level 1  
  65  6:51  Glial Reconstitution  
  65  6:53  Evolution Chamber  
  64  6:56  Centrifical Hooks, Hydralisk Den  
  61  7:16  Roach x3, Zergling x6  
  61  7:17  Roach x5, Zergling x10  
  61  7:18  Roach, Zergling x2  
  61  7:22  Zerg Missile Weapons Level 1  
  88  7:26  Extractor  
  82  7:55  Muscular Augments  
  81  7:59  Queen  
  81  8:01  Overlord x4  
  81  8:20  Drone  
  81  8:21  Drone x4  
  81  8:22  Drone  
  81  8:23  Drone x7  
  94  8:28  Tunneling Claws  
  94  8:32  Burrow  
  94  8:33  Queen  
  93  8:59  Hydralisk x6  
  93  9:00  Hydralisk x3  
  93  9:02  Overlord  
  111  9:03  Overlord  
  111  9:13  Lurker Den  
  111  9:21  Extractor  
  111  9:23  Extractor  
  107  9:29  Overlord x2  
  107  9:32  Drone x3  
  107  9:33  Drone x3  
  107  9:34  Drone x4  
  117  9:48  Spire, Zerg Missile Weapons Level 2  
  117  9:49  Zerg Ground Armor Level 2  
  117  9:50  Roach x4  
  116  9:54  Drone  
  116  9:55  Drone  
  116  9:56  Drone x2, Roach x4  
  118  10:00  Spore Crawler  
  118  10:02  Spine Crawler  
  115  10:45  Overlord  
  115  10:46  Overlord  
  115  10:54  Infestation Pit  
  115  10:55  Roach x5  
  114  11:01  Corruptor  
  114  11:02  Corruptor x8  
  133  11:32  Lurker  
  133  11:33  Lurker x3  
  136  11:52  Hatchery  
  135  11:58  Hatchery  
  135  12:00  Hydralisk x4, Roach  
  135  12:01  Hydralisk x2, Roach x5  
  152  12:02  Roach  
  152  12:03  Zergling x2  
  152  12:04  Zergling x16  
  152  12:07  Hatchery  
  168  12:18  Overseer  
Show
View Real Time Build Order
Export as new Build Order

DeadDevil Terran 

Build Orders: 1/1/1, Siege Tank Drop 

Get SALT Encoding   

  12  0:01  SCV  
  13  0:13  SCV  
  14  0:23  Supply Depot  
  14  0:26  SCV  
  15  0:37  Refinery  
  15  0:44  SCV  
  15  0:47  Barracks  
  16  0:57  SCV  
  17  1:09  SCV  
  18  1:21  SCV  
  19  1:33  SCV  
  19  1:35  Supply Depot  
  19  1:37  Marine  
  21  1:40  Factory  
  21  1:43  Refinery  
  21  1:45  SCV  
  22  1:55  Marine  
  22  1:57  SCV  
  24  2:10  SCV  
  24  2:13  Marine  
  26  2:23  SCV, Supply Depot  
  26  2:26  Factory Tech Lab  
  26  2:29  Starport  
  27  2:35  SCV  
  27  2:36  Marine  
  29  2:45  Siege Tank  
  29  2:47  SCV  
  33  2:54  Marine  
  34  2:59  SCV  
  35  3:06  Starport Reactor  
  35  3:11  SCV  
  36  3:17  Supply Depot  
  36  3:18  Marine  
  37  3:39  Siege Tank  
  40  3:45  Marine  
  40  3:47  Medivac  
  43  3:48  Command Center, Medivac  
  45  4:07  Supply Depot x2  
  45  4:10  Orbital Command  
  27  5:04  Marine  
  31  5:14  Siege Tank  
  31  5:16  Medivac  
  34  5:38  Orbital Command  
  33  6:01  Marine  
  13  6:50  Marine  
  14  7:58  Marine  
  15  8:16  Marine  
  15  8:18  SCV x2  
  18  8:30  SCV x2  
  18  8:34  Marine  
  21  9:26  SCV  
  21  9:27  SCV  
  21  9:30  Marine  
  24  9:38  SCV  
  24  9:39  SCV  
  26  9:48  Marine  
  27  10:03  SCV x2  
  29  10:15  SCV  
  27  10:33  Marine  
  27  10:35  SCV x2  
  30  10:42  Barracks  
  30  10:43  Barracks  
  30  10:44  Barracks  
  30  10:47  Barracks  
  30  10:51  Marine  
  30  10:56  SCV x2  
  33  11:08  SCV x2  
  28  11:28  Marine  
  29  11:36  SCV x2  
  31  11:40  Marine x2  
  31  11:41  Marine x2  
  31  11:45  Marine  
  36  11:48  SCV x2  
  38  11:58  Marine x3  
  38  11:59  Marine  
  38  12:00  SCV x2  
  44  12:03  Marine  
  45  12:12  SCV x2  
Tags
 
Add a new tag
Caveats
  • Supply blocks, unpowered buildings, or Contaminate may cause inaccurate times.
  • Supply counts are checked every 10 seconds.